[Event "43rd Guernsey Festival 2017"]
[Site "Vale"]
[Date "2017.10.15"]
[Round "1"]
[White "Curtis, John E"]
[Black "Hawkins, James N H"]
[Result "1/2-1/2"]
[ECO "A46"]
[WhiteElo "2093"]
[BlackElo "1920"]
[Annotator "NA RC"]
[PlyCount "48"]
[EventDate "2017.??.??"]
[EventType "swiss"]
[EventCountry "GCI"]
[SourceTitle "playchess.com"]
[Source "ChessBase"]
[SourceQuality "1"]
[TimeControl "40/6000+30:2400+30"]

1. d4 Nf6 2. Nf3 e6 3. e3 b6 4. Bd3 Bb7 5. Nbd2 d5 6. O-O Nbd7 7. b3 {[%emt 0:03:12] D05: Colle System with ...e6} (7. c4 Bd6 8. Qe2 Ne4 9. cxd5 exd5 10. Ba6 Qc8 11. Bxb7 Qxb7 12. b3 O-O 13. Bb2 Rae8 14. Rac1 Re6 15. Rc2 Nxd2 16. Qxd2 a5 17. Qc1 a4 18. Ba3 c5 {½-½ (18) Tomashevsky,E (2710)-Jakovenko,D (2710) Sochi 2017}) 7... g6 8. Bb2 Bg7 9. c4 O-O {[%emt 0:05:49] LiveBook: 3 Games} 10. Rc1 Ne4 11. Qc2 Nxd2 12. Nxd2 Rc8 13. cxd5 exd5 14. Nf3 $146 Re8 15. Rfd1 Qe7 16. Qe2 Nb8 17. Rd2 Red8 18. Rdc2 a6 19. Qd2 f6 20. b4 Bf8 21. b5 axb5 22. Bxb5 c6 23. Bd3 Nd7 24. Re1 f5 $11 1/2-1/2

[Event "43rd Guernsey Festival 2017"]
[Site "Vale"]
[Date "2017.10.15"]
[Round "1"]
[White "Fassaert, Desire"]
[Black "Hoogland, Dirk"]
[Result "1/2-1/2"]
[ECO "A04"]
[WhiteElo "1923"]
[BlackElo "2098"]
[Annotator "NA RC"]
[PlyCount "146"]
[EventDate "2017.??.??"]
[EventType "swiss"]
[EventCountry "GCI"]
[SourceTitle "playchess.com"]
[Source "ChessBase"]
[SourceQuality "1"]
[TimeControl "40/6000+30:2400+30"]

1. Nf3 c5 2. c4 Nc6 3. d4 cxd4 4. Nxd4 g6 5. e4 Nf6 6. Nc3 d6 7. Be2 Nxd4 8. Qxd4 Bg7 9. O-O O-O 10. Qd1 Be6 11. Be3 Qa5 {[%emt 0:05:35] LiveBook: 12 Games} 12. f3 {[%emt 0:10:05] B36: Sicilian: Maroczy Bind: Gurgenidze System} (12. Bd4 Rfc8 13. b3 a6 14. Nd5 Bxd5 15. exd5 Nd7 16. Re1 Rc7 17. Bxg7 Kxg7 18. Qd4+ Kg8 19. Bf1 Re8 20. Re3 {½-½ (53) Pantsulaia,L (2611)-Krivoshey,S (2531) Dubai 2006}) 12... Rfc8 13. Nd5 Nxd5 14. cxd5 Bd7 15. Qb3 Rc7 $146 ({Predecessor:} 15... b5 16. Rac1 a6 17. Kf2 h5 18. g3 Bh3 19. Rfd1 Bd7 {½-½ (31) Shorokhov,A (2471)-Kretov,E (2138) Internet 2006}) 16. Rfc1 Rac8 17. Rxc7 Rxc7 18. Kf1 Ba4 19. Qa3 $1 Rc2 20. b4 (20. Rb1 $5 b5 21. b3 $11) 20... Qc7 21. Rc1 b5 22. Bd3 Rxc1+ 23. Qxc1 Qxc1+ 24. Bxc1 Bc3 25. a3 e6 26. dxe6 fxe6 27. Ke2 Kf7 28. Bb1 d5 29. exd5 exd5 30. Ba2 Ke6 31. Kd3 Be5 32. f4 Bc7 33. g3 Bd1 34. Bb2 Bf3 35. Bd4 a5 36. bxa5 Bxa5 37. Bc3 Bd8 38. Bb3 Be4+ 39. Ke3 Bb6+ 40. Bd4 Ba5 41. Bc5 h5 42. Bd1 Kd7 $1 43. Be2 Kc6 44. Bd4 Bd8 45. Bc3 Be7 46. Bb4 Bc5+ 47. Bxc5 Kxc5 48. h3 Bg2 $2 (48... Bf5 $11 {und Schwarz muss sich keine Sorgen machen.}) 49. Bd3 d4+ 50. Kd2 Bxh3 51. Bxg6 Bg4 52. Kd3 Kd5 53. Be4+ Kc5 54. f5 Bd1 (54... Bh3 $142 55. f6 Bf1+ 56. Kd2 Bc4) 55. f6 Bb3 56. Bg6 Bc4+ 57. Kd2 (57. Ke4 $142 Kd6 58. Kxd4) 57... Kd6 58. Bxh5 Ke6 59. f7 Ke7 60. g4 Bd5 61. g5 $2 (61. Kd3 Bf3 62. Kxd4) 61... Be4 62. Be2 (62. g6 $142 Kf8 63. Kc1) 62... Kxf7 63. Bxb5 Ke7 64. Bd3 (64. a4 $142 Ke6 65. a5) 64... Bc6 65. g6 Kf6 66. Ke2 Ba4 67. Kf3 Bc6+ 68. Kf4 Be8 69. Bc2 ({Not} 69. g7 Kxg7 70. Ke5 Kf7 $16) 69... Bc6 70. Be4 Ba4 71. Bd3 $2 (71. Kf3 $18 Bb5 72. Kf2) 71... Bc6 72. Bf5 $2 ({White should play} 72. Kg4 $18 Bd7+ 73. Kh5) 72... Ba4 $2 {[%emt 0:00:00] [#]} (72... Bb5 $11) 73. Bd3 (73. Be4 $1 $18 Bb5 74. Kf3) 73... Bc6 $18 {[%emt 0:00:00] Kg5+ Kg7 Kf4} 1/2-1/2

[Event "43rd Guernsey Festival 2017"]
[Site "Vale"]
[Date "2017.10.15"]
[Round "1"]
[White "Haisma, Henk"]
[Black "Stuart, Brian"]
[Result "1/2-1/2"]
[ECO "A00"]
[WhiteElo "1808"]
[BlackElo "1654"]
[Annotator "NA RC"]
[PlyCount "65"]
[EventDate "2017.??.??"]
[EventType "swiss"]
[EventCountry "GCI"]
[SourceTitle "playchess.com"]
[Source "ChessBase"]
[SourceQuality "1"]
[TimeControl "40/6000+30:2400+30"]

1. b4 e6 2. Bb2 Nf6 3. a3 d5 4. e3 c5 5. bxc5 Bxc5 {[%emt 0:00:22] LiveBook: 5 Games} 6. Nf3 Nc6 {[%emt 0:01:09] A00: Irregular Openings} (6... O-O 7. c4 Nc6 8. d4 Bd6 9. Nbd2 b6 10. cxd5 exd5 11. Bb5 Bb7 12. O-O Rc8 13. Qe2 Qe7 14. Rfc1 {½-½ (57) Degterev,P (2475)-Zhak,B (2556) ICCF email 2009}) 7. Be2 O-O 8. O-O Re8 9. d4 Bd6 10. c4 b6 11. cxd5 $146 ({Predecessor:} 11. Nc3 Bb7 12. cxd5 exd5 13. Bd3 g6 14. Nb5 {1-0 (38) Von Saleski,M-Ohnmacht,R DESC email 2001}) 11... exd5 12. Nc3 a6 13. Rc1 Bb7 14. Re1 Rc8 15. Bf1 Na5 16. Nd2 b5 17. g3 Nc4 18. Nxc4 bxc4 19. Qc2 h5 20. Ra1 h4 21. Reb1 Rc7 22. Bg2 hxg3 23. hxg3 Qe7 (23... Bc6 $17) 24. Bc1 Qd7 25. Rb6 Bf8 26. Rab1 Bc8 {[%emt 0:02:42] [#]} 27. Qa4 $2 (27. Rxf6 $1 $18 gxf6 28. Nxd5) 27... Qxa4 28. Nxa4 Bf5 29. Ra1 Re6 30. Bd2 $19 (30. Rb8 $11 {and White has nothing to worry.}) 30... Rxb6 31. Nxb6 c3 32. Bc1 Be6 33. Kf1 1/2-1/2

[Event "43rd Guernsey Festival 2017"]
[Site "Vale"]
[Date "2017.10.15"]
[Round "1"]
[White "Colsen, Manuel"]
[Black "Baart, Edwin"]
[Result "1/2-1/2"]
[ECO "A06"]
[WhiteElo "1665"]
[BlackElo "1816"]
[Annotator "NA RC"]
[PlyCount "47"]
[EventDate "2017.??.??"]
[EventType "swiss"]
[EventCountry "GCI"]
[SourceTitle "playchess.com"]
[Source "ChessBase"]
[SourceQuality "1"]
[TimeControl "40/6000+30:2400+30"]

1. Nf3 d5 2. g3 Nf6 3. Bg2 e6 4. d4 Be7 5. O-O O-O 6. Nbd2 (6. c4 $5) 6... Nbd7 7. c4 c6 {[%emt 0:01:02] LiveBook: 272 Games E07: Closed Catalan: Main Line (5 Nf3 0-0 6 0-0 Nbd7)} 8. a3 Re8 (8... b6 9. e4 Nxe4 10. Nxe4 dxe4 11. Ne5 Bb7 12. Bxe4 Nxe5 13. dxe5 Qc7 14. Re1 c5 15. h4 Rad8 16. Qf3 Bxe4 17. Rxe4 {0-1 (30) Mamedyarov,S (2736)-Dominguez Perez,L (2732) Berlin 2015}) 9. b4 Bd6 10. Bb2 Qe7 $146 ({Predecessor:} 10... e5 11. cxd5 cxd5 12. dxe5 Nxe5 13. Nxe5 Bxe5 14. Bxe5 Rxe5 15. Nb3 {0-1 (32) Marmol Soley,E (2061)-Hassomal Daswani,B (2040) Mislata 2013}) 11. e3 b6 12. c5 Bc7 13. Re1 Bb7 14. Rc1 b5 15. Ne5 a5 16. Nxd7 Qxd7 17. e4 dxe4 18. Nxe4 Nd5 19. Nc3 axb4 20. axb4 Nxb4 {[%emt 0:00:39] [#]} 21. Nxb5 $1 Ba6 22. Nxc7 $11 Qxc7 23. Ra1 Bc4 24. Bf1 1/2-1/2

[Event "43rd Guernsey Festival 2017"]
[Site "Vale"]
[Date "2017.10.15"]
[Round "1"]
[White "Salisbury, Paul"]
[Black "Dennis, Nigel W"]
[Result "0-1"]
[ECO "B40"]
[WhiteElo "1650"]
[BlackElo "1785"]
[Annotator "NA RC"]
[PlyCount "98"]
[EventDate "2017.??.??"]
[EventType "swiss"]
[EventCountry "GCI"]
[SourceTitle "playchess.com"]
[Source "ChessBase"]
[SourceQuality "1"]
[TimeControl "40/6000+30:2400+30"]

1. e4 c5 2. Nf3 e6 3. c3 d5 4. exd5 Qxd5 5. d4 Nf6 6. Bd3 Nc6 7. O-O Be7 8. Na3 cxd4 9. Nb5 Qd8 10. Nbxd4 Nxd4 11. Nxd4 O-O 12. Re1 a6 13. a4 Qc7 14. Bg5 e5 15. Nf5 Bxf5 16. Bxf5 Rfe8 17. Qf3 Nd5 18. Bxe7 Nxe7 19. Be4 Rab8 20. Rad1 b5 21. axb5 axb5 22. Re3 g6 23. Qf6 Rb6 24. Qh4 Rd8 25. Rxd8+ Qxd8 26. Rd3 Rd6 27. Rxd6 Qxd6 28. h3 Kg7 29. Bf3 Nf5 30. Qe4 Qc5 31. Be2 Nd6 32. Qd3 f5 33. g3 Kf6 34. Qf3 Ne4 35. Bd3 Ng5 36. Qg2 e4 37. Be2 b4 38. h4 Ne6 39. cxb4 Qxb4 40. f3 Qxb2 41. fxe4 Qd4+ 42. Kh2 Qxe4 43. Bf3 Qe5 44. Qa2 f4 45. g4 h6 46. Qa8 Qb2+ 47. Kh3 Qf2 48. Qh8+ Ke7 49. Qh7+ Kd6 0-1

[Event "43rd Guernsey Festival 2017"]
[Site "Vale"]
[Date "2017.10.15"]
[Round "1"]
[White "Almquist, Rutger"]
[Black "Glover, John"]
[Result "1/2-1/2"]
[ECO "A00"]
[WhiteElo "1589"]
[BlackElo "1765"]
[Annotator "NA RC"]
[PlyCount "49"]
[EventDate "2017.??.??"]
[EventType "swiss"]
[EventCountry "GCI"]
[SourceTitle "playchess.com"]
[Source "ChessBase"]
[SourceQuality "1"]
[TimeControl "40/6000+30:2400+30"]

1. b4 Nf6 2. Bb2 d5 3. e3 Bf5 4. Nf3 e6 5. a3 Bd6 6. d4 Nbd7 7. c4 dxc4 8. Bxc4 a6 9. O-O O-O 10. Nbd2 c6 11. Re1 Ne4 12. Nxe4 Bxe4 13. Bd3 Bxd3 14. Qxd3 Qf6 15. e4 Qg6 16. Qe2 f6 17. e5 fxe5 18. dxe5 Be7 19. Qe3 Rf7 20. Qe4 Qxe4 21. Rxe4 Re8 22. Bd4 Bd8 23. Rc1 Nb6 24. Bxb6 Bxb6 25. Rd1 1/2-1/2

[Event "43rd Guernsey Festival 2017"]
[Site "Vale"]
[Date "2017.10.16"]
[Round "2"]
[White "Hamperl, Fred"]
[Black "Hewson, Brian W R"]
[Result "0-1"]
[ECO "B11"]
[WhiteElo "2062"]
[BlackElo "1995"]
[Annotator "NA RC"]
[PlyCount "28"]
[EventDate "2017.??.??"]
[EventType "swiss"]
[EventCountry "GCI"]
[SourceTitle "playchess.com"]
[Source "ChessBase"]
[SourceQuality "1"]
[TimeControl "40/6000+30:2400+30"]

1. e4 c6 2. Nc3 d5 3. Nf3 Bg4 4. h3 Bxf3 5. Qxf3 e6 6. Be2 Nd7 7. O-O Ngf6 8. d3 Bd6 {[%emt 0:02:05] LiveBook: 12 Games} 9. Bg5 ({White should try} 9. d4 $11) 9... h6 10. Bh4 $2 {[%emt 0:00:41] [#]} (10. Bf4 $11 {and White is okay.} Bxf4 11. Qxf4) 10... Ne5 $1 11. Qe3 {[%emt 0:02:11] [#]} d4 $1 12. Qg3 $2 (12. Qxd4 Nf3+ 13. Bxf3 Bh2+ 14. Kxh2 Qxd4 15. Be2) 12... g5 ({Stronger than} 12... dxc3 13. Qxg7 Rg8 14. Qxf6 $16) 13. f4 gxh4 (13... dxc3 $2 14. fxe5 cxb2 15. Rab1 $19) 14. Qg7 $19 (14. Qe1 $142 Ng6 15. e5 dxc3 16. exd6) 14... Rh7 0-1

[Event "43rd Guernsey Festival 2017"]
[Site "Vale"]
[Date "2017.10.16"]
[Round "2"]
[White "Rosen, Daniel B"]
[Black "Van den Boogaart, Jan Maarten"]
[Result "1-0"]
[ECO "B23"]
[WhiteElo "2042"]
[BlackElo "1991"]
[Annotator "NA RC"]
[PlyCount "51"]
[EventDate "2017.??.??"]
[EventType "swiss"]
[EventCountry "GCI"]
[SourceTitle "playchess.com"]
[Source "ChessBase"]
[SourceQuality "1"]
[TimeControl "40/6000+30:2400+30"]

1. e4 c5 2. Nc3 Nc6 3. f4 e6 4. Nf3 d5 5. d3 Nf6 6. Be2 Be7 7. O-O {[%emt 0:00:15] LiveBook: 6 Games} O-O 8. Qe1 a6 9. a4 Rb8 10. Kh1 $146 {[%emt 0:09:45] B23: Closed Sicilian: Lines without g3} ({Predecessor:} 10. Qg3 b5 11. axb5 axb5 12. e5 Ne8 13. Nd1 Nd4 14. Nxd4 cxd4 15. Nf2 Qc7 16. Bd1 f6 17. Ng4 f5 {0-1 (38) Halser,W (2195)-Schlosser,M (2365) Austria 1994}) 10... b5 11. axb5 axb5 12. Ne5 Nd4 13. Bd1 $1 Bb7 14. exd5 $1 Nxd5 ({But not} 14... Bxd5 $6 15. Nxd5 Qxd5 16. Ra7 $14) 15. Ne4 Ra8 (15... Nb4 $17 16. Ra7 f6) 16. Rxa8 Bxa8 17. Nf3 Nf5 18. Ng3 Nh4 19. Nxh4 Bxh4 20. f5 exf5 21. Rxf5 Re8 22. Re5 Rxe5 23. Qxe5 Bf6 24. Qe1 Bh4 25. Qe5 Bf6 26. Qe1 $15 1-0

[Event "43rd Guernsey Festival 2017"]
[Site "Vale"]
[Date "2017.10.16"]
[Round "2"]
[White "Bakker, Joop"]
[Black "Dilleigh, Stephen P"]
[Result "1/2-1/2"]
[ECO "C01"]
[WhiteElo "1853"]
[BlackElo "2063"]
[Annotator "NA RC"]
[PlyCount "28"]
[EventDate "2017.??.??"]
[EventType "swiss"]
[EventCountry "GCI"]
[SourceTitle "playchess.com"]
[Source "ChessBase"]
[SourceQuality "1"]
[TimeControl "40/6000+30:2400+30"]

1. e4 e6 2. d4 d5 3. exd5 exd5 4. Nf3 Bd6 5. c4 dxc4 6. Bxc4 Nf6 7. O-O O-O 8. Bg5 h6 {[%emt 0:07:18] LiveBook: 41 Games} 9. Bh4 Nc6 10. h3 Bf5 11. Nc3 g5 12. Bg3 Bxg3 13. fxg3 Bg6 14. Ne5 ({Better is} 14. d5 $14 Na5 15. Be2) 14... Nxe5 $14 (14... Kg7 $11) 1/2-1/2

[Event "43rd Guernsey Festival 2017"]
[Site "Vale"]
[Date "2017.10.16"]
[Round "2"]
[White "Dennis, Nigel W"]
[Black "Collins, Alan"]
[Result "1/2-1/2"]
[ECO "B07"]
[WhiteElo "1785"]
[BlackElo "1700"]
[Annotator "NA RC"]
[PlyCount "41"]
[EventDate "2017.??.??"]
[EventType "swiss"]
[EventCountry "GCI"]
[SourceTitle "playchess.com"]
[Source "ChessBase"]
[SourceQuality "1"]
[TimeControl "40/6000+30:2400+30"]

1. e4 d6 2. c4 Nf6 3. Nc3 e5 4. Nf3 Bg4 5. h3 Bh5 6. Be2 Bxf3 7. Bxf3 Nc6 8. d3 Be7 9. Be3 Nd4 10. O-O O-O 11. b4 a5 12. b5 Nxf3+ 13. Qxf3 b6 14. a4 Qd7 15. Nd5 Nxd5 16. cxd5 Rae8 17. Rac1 f5 18. exf5 Rxf5 19. Rxc7 Qxc7 20. Qxf5 Qc2 21. Qe4 1/2-1/2

[Event "43rd Guernsey Festival 2017"]
[Site "Vale"]
[Date "2017.10.16"]
[Round "2"]
[White "Stanners, Michael J"]
[Black "Ruigrok, Jacques"]
[Result "1/2-1/2"]
[ECO "A47"]
[WhiteElo "1761"]
[BlackElo "1679"]
[Annotator "NA RC"]
[PlyCount "52"]
[EventDate "2017.??.??"]
[EventType "swiss"]
[EventCountry "GCI"]
[SourceTitle "playchess.com"]
[Source "ChessBase"]
[SourceQuality "1"]
[TimeControl "40/6000+30:2400+30"]

1. d4 Nf6 2. Nf3 e6 3. e3 b6 4. Bd3 Bb7 5. Nbd2 d6 6. O-O Be7 7. Qe2 Nbd7 8. Re1 O-O 9. c3 Re8 10. e4 e5 11. d5 a5 12. b4 axb4 13. cxb4 c5 14. dxc6 Bxc6 15. Bb5 Bxb5 16. Qxb5 Nf8 17. Nf1 Ne6 18. Ng3 g6 19. Be3 Qd7 20. Qd3 b5 21. Red1 Qb7 22. Nd2 d5 23. exd5 Nxd5 24. Qe4 Rab8 25. Rac1 Nxb4 26. Ra1 Nc6 1/2-1/2

[Event "43rd Guernsey Festival 2017"]
[Site "Vale"]
[Date "2017.10.16"]
[Round "2"]
[White "Kirk, Matthew"]
[Black "Turner, David J"]
[Result "0-1"]
[ECO "A41"]
[WhiteElo "1721"]
[BlackElo "1774"]
[Annotator "NA RC"]
[PlyCount "66"]
[EventDate "2017.??.??"]
[EventType "swiss"]
[EventCountry "GCI"]
[SourceTitle "playchess.com"]
[Source "ChessBase"]
[SourceQuality "1"]
[TimeControl "40/6000+30:2400+30"]

1. d4 d6 2. Nf3 Nf6 3. c4 c5 4. d5 b5 5. Nbd2 {[%emt 0:01:14] LiveBook: 6 Games} g6 6. e4 Nbd7 7. cxb5 a6 8. bxa6 Bxa6 ({Better is} 8... Bg7 $14) 9. Bxa6 Rxa6 10. O-O $14 Qa8 11. a3 Bg7 12. Qc2 O-O 13. Nc4 Rb8 14. Rb1 Nb6 15. Nfd2 Nfd7 16. b4 cxb4 17. axb4 Ne5 18. Na5 Kf8 19. Nc6 Rc8 20. b5 Ra2 21. Qb3 Ned7 22. Qh3 h5 23. Nc4 Qb7 24. Nxb6 Nxb6 25. Be3 Nc4 26. Bd4 Bxd4 27. Nxd4 Rc5 28. Ra1 Qa8 29. Rxa2 Qxa2 30. Nc6 Nd2 31. Re1 Rxb5 32. Qd7 Rb1 33. Qxe7+ Kg7 0-1

[Event "43rd Guernsey Festival 2017"]
[Site "Vale"]
[Date "2017.10.16"]
[Round "2"]
[White "Nielsen, Jorgen Holmstrom"]
[Black "Goris-Schouwstra, Adry"]
[Result "1/2-1/2"]
[ECO "A00"]
[WhiteElo "1688"]
[BlackElo "1754"]
[Annotator "NA RC"]
[PlyCount "41"]
[EventDate "2017.??.??"]
[EventType "swiss"]
[EventCountry "GCI"]
[SourceTitle "playchess.com"]
[Source "ChessBase"]
[SourceQuality "1"]
[TimeControl "40/6000+30:2400+30"]

1. Nc3 d5 2. e4 d4 3. Nce2 c5 4. Ng3 Nc6 5. Bc4 e6 6. d3 a6 7. Bd2 b5 8. Bb3 Na5 9. Nf3 Nf6 10. O-O Be7 11. Ne5 Nxb3 12. axb3 Bb7 13. f4 h5 14. h3 h4 15. Nh1 Nd7 16. Nxd7 Qxd7 17. Nf2 Qc6 18. Ng4 f6 19. Qe2 Rc8 20. Nh2 O-O 21. Nf3 1/2-1/2

[Event "43rd Guernsey Festival 2017"]
[Site "Vale"]
[Date "2017.10.16"]
[Round "2"]
[White "Rowe, Oliver"]
[Black "Purdon, Colin"]
[Result "0-1"]
[ECO "A47"]
[WhiteElo "1634"]
[BlackElo "2047"]
[Annotator "NA RC"]
[PlyCount "60"]
[EventDate "2017.??.??"]
[EventType "swiss"]
[EventCountry "GCI"]
[SourceTitle "playchess.com"]
[Source "ChessBase"]
[SourceQuality "1"]
[TimeControl "40/6000+30:2400+30"]

1. d4 Nf6 2. Bf4 c5 3. e3 e6 4. c3 b6 5. Nf3 Bb7 6. Be2 Be7 {[%emt 0:01:09] A47: 1 d4 Nf6 2 Nf3 b6: Torre, London and Colle Systems} 7. h3 O-O 8. O-O d6 9. Nbd2 (9. a4 a6 10. Bh2 Nbd7 11. Qb3 Qc7 12. Na3 Bc6 13. Rfd1 Rfd8 {0-1 (90) Kamsky,G (2762)-Ivanchuk,V (2766) Beijing 2012}) 9... cxd4 {[%emt 0:10:19] LiveBook: 4 Games} 10. cxd4 Nd5 11. Bh2 f5 12. Ne1 $146 ({Predecessor:} 12. Rc1 Nd7 13. Qb3 N7f6 14. Ng5 {0-1 (42) Tessedik,K (1930)-Goczo,M (2262) Szombathely 2003}) 12... Nf6 13. Qb3 Bd5 14. Bc4 Nc6 15. Bxd5 Nxd5 16. Nc4 Qd7 17. Nd3 Kh8 18. Rfc1 Rac8 19. a4 f4 ({Black should try} 19... g5 $11) 20. Nxf4 Nxf4 21. Bxf4 Nxd4 22. Qd3 Nf5 23. g4 (23. e4 $14 Nd4 24. Qxd4 Rxf4 25. Ne5) 23... Nh4 24. Qd1 $2 (24. Nd2 $15) 24... Qb7 25. Kf1 Qg2+ 26. Ke2 Qxh3 27. Nxd6 Qxg4+ 28. Kf1 Qg2+ 29. Ke2 Rcd8 30. Nc8 Rxd1 0-1

[Event "43rd Guernsey Festival 2017"]
[Site "Vale"]
[Date "2017.10.17"]
[Round "3"]
[White "Dilleigh, Stephen P"]
[Black "Van Dijk, Bram"]
[Result "1-0"]
[ECO "D16"]
[WhiteElo "2063"]
[BlackElo "1999"]
[Annotator "NA RC"]
[PlyCount "101"]
[EventDate "2017.??.??"]
[EventType "swiss"]
[EventCountry "GCI"]
[SourceTitle "playchess.com"]
[Source "ChessBase"]
[SourceQuality "1"]
[TimeControl "40/6000+30:2400+30"]

1. Nf3 d5 2. d4 c6 3. c4 Nf6 4. Nc3 dxc4 5. a4 Bg4 6. Ne5 $1 Bh5 {[%emt 0:00:41] [#]} 7. f3 $1 Nfd7 8. Nxc4 {[%emt 0:00:34] D16: Slav Defence: 5 a4: Lines with 5...Bg4 and 5...Na6} e6 (8... e5 9. Be3 Na6 10. g3 f6 11. dxe5 Nxe5 12. Qxd8+ Kxd8 13. Nxe5 fxe5 14. Bh3 Kc7 15. Rc1 b6 16. Bf5 Bf7 17. Kf2 {1-0 (39) Aronian,L (2781)-Jobava,B (2668) Reykjavik 2015}) 9. e4 Bb4 10. Be3 Qe7 $146 ({Predecessor:} 10... a5 11. Be2 Qe7 12. O-O O-O 13. Na2 f6 14. Nxb4 axb4 15. Qd2 Bf7 {1-0 (37) Demina,J (2368)-Ignatiev,A (2302) St Petersburg 2000}) 11. Be2 Nb6 12. O-O N8d7 13. a5 Nxc4 14. Bxc4 O-O 15. Qe2 Rac8 16. Rfd1 Nf6 17. Qf2 Rfd8 18. a6 b6 19. Na2 Ne8 20. Nxb4 Qxb4 21. Bf1 Nd6 $2 {[%emt 0:10:30] [#]} ({Better is} 21... f6 $14) 22. Qd2 $2 (22. Qh4 $1 $18) 22... Qxd2 23. Rxd2 f6 24. Rc1 Be8 25. b4 h6 26. g3 Kf7 27. Rdc2 Ke7 28. Kf2 Bd7 29. Bd3 e5 30. dxe5 fxe5 31. Ke2 Nb5 (31... g5 $16) 32. Bxb5 $1 cxb5 33. Rc7 Ra8 $2 (33... Rxc7 $16 {keeps fighting.} 34. Rxc7 Ra8) 34. Rd1 Ke6 35. Rd2 g5 36. f4 (36. h4 $142) 36... gxf4 37. gxf4 exf4 38. Bxf4 Rac8 $2 (38... Be8 39. Rxd8 (39. Bxh6 Rdc8 $16) 39... Rxd8 40. Rxa7 Rd4) 39. Rxa7 (39. Rd6+ $142 Ke7 {[#]} 40. Rdxd7+ $1 Rxd7 41. Rxc8) 39... Bc6 40. Rxd8 Rxd8 41. Ke3 h5 42. Rh7 Rd1 43. Bg3 Rc1 44. Rh6+ Kd7 45. a7 Ba8 46. Rh8 Rc8 47. Rh7+ Ke6 48. Rxh5 Rc3+ 49. Kf4 Rc4 50. Re5+ Kf6 (50... Kd7 $142 51. h4 Rc8) 51. Re8 $18 1-0

[Event "43rd Guernsey Festival 2017"]
[Site "Vale"]
[Date "2017.10.17"]
[Round "3"]
[White "Sielicki, Tomasz"]
[Black "Hoogland, Dirk"]
[Result "0-1"]
[ECO "D02"]
[WhiteElo "1997"]
[BlackElo "2098"]
[Annotator "NA RC"]
[PlyCount "74"]
[EventDate "2017.??.??"]
[EventType "swiss"]
[EventCountry "GCI"]
[SourceTitle "playchess.com"]
[Source "ChessBase"]
[SourceQuality "1"]
[TimeControl "40/6000+30:2400+30"]

1. d4 Nf6 2. Bf4 e6 3. Nf3 b6 4. e3 d5 5. Nbd2 Bd6 6. Bg3 O-O 7. Bd3 c5 {[%emt 0:00:25] D02: 1 d4 d5 2 Nf3 sidelines, including 2...Nf6 3 g3 and 2...Nf6 3 Bf4} 8. c3 a5 (8... Ba6 9. Bxa6 Nxa6 10. Qe2 Nc7 11. Ne5 cxd4 12. cxd4 Ne4 13. Nd3 Qe7 14. Bxd6 Qxd6 {½-½ (30) Iturrizaga Bonelli,E (2652)-Adams,M (2751) Caleta 2017}) 9. Ne5 Ba6 10. Bc2 Qc7 11. f4 Nbd7 12. Bh4 $146 ({Predecessor:} 12. Ndf3 cxd4 13. exd4 Ne4 14. Bxe4 dxe4 {0-1 (32) Shapfiullin,R (1865)-Kluev,V (2081) Nizhny Novgorod 2015}) 12... Rac8 (12... cxd4 $17 13. cxd4 Rac8) 13. Qf3 cxd4 14. exd4 Ne4 (14... Ne8 $11) 15. Nxe4 dxe4 16. Qxe4 f5 17. Qf3 Nf6 18. Bb3 Rce8 19. O-O-O Bb7 20. Qe2 Ne4 ({Black should try} 20... Nd5 $15) 21. Ba4 (21. Be1 $14) 21... Rc8 22. Bc2 $2 {[%emt 0:09:16] [#]} (22. Kb1 $11) 22... Qxc3 $2 ({Better is} 22... Nxc3 $1 $19 23. bxc3 Qxc3) 23. Rd3 $2 ({Not} 23. Qxe4 $2 Ba3 $19) (23. Kb1 $17 {was worth a try.} Bxe5 24. dxe5) 23... Qc7 24. Kb1 Ba6 25. Bb3 Bxd3+ 26. Qxd3 Rfe8 27. g4 Bxe5 28. gxf5 $2 (28. fxe5 Kh8 29. Rd1) 28... Bxf4 29. a3 Nd2+ 30. Ka1 Nxb3+ 31. Qxb3 Qc6 32. Rf1 a4 33. Qd3 Qg2 34. Rxf4 Rc1+ 35. Ka2 Qg1 36. b4 Ra1+ 37. Kb2 Qc1# {[%emt 0:00:07] Qc4} 0-1

[Event "43rd Guernsey Festival 2017"]
[Site "Vale"]
[Date "2017.10.17"]
[Round "3"]
[White "Dijksterhuis, Rolf"]
[Black "Heppell, Ian N"]
[Result "1/2-1/2"]
[ECO "C41"]
[WhiteElo "1955"]
[BlackElo "2034"]
[Annotator "NA RC"]
[PlyCount "54"]
[EventDate "2017.??.??"]
[EventType "swiss"]
[EventCountry "GCI"]
[SourceTitle "playchess.com"]
[Source "ChessBase"]
[SourceQuality "1"]
[TimeControl "40/6000+30:2400+30"]

1. e4 e5 2. Nf3 d6 3. d4 exd4 4. Nxd4 Nf6 5. Nc3 Be7 6. Be2 O-O 7. O-O Re8 8. f4 Bf8 9. Bf3 {[%emt 0:00:12] LiveBook: 211 Games} c5 10. Nf5 {[%emt 0:02:01] C41: Philidor Defence} (10. Nde2 Nc6 11. f5 Ne5 12. Nf4 Bd7 13. Nfd5 Nxd5 14. Nxd5 Bc6 15. Bf4 b5 16. b3 a5 17. Qd2 a4 {1-0 (40) Sokolov,A (2520)-Naiditsch,A (2720) Montpellier 2015}) 10... Bxf5 11. exf5 Nc6 12. g4 Nd4 $146 ({Predecessor:} 12... d5 13. g5 d4 14. gxf6 dxc3 15. Qxd8 Raxd8 16. bxc3 c4 17. fxg7 Bc5+ 18. Kg2 Kxg7 19. a4 Kf6 20. a5 {½-½ (20) Colonna,M (2150)-Dicicco,D (2024) Grosseto 2009}) 13. Bxb7 Rb8 14. Ba6 (14. Bg2 $11) 14... d5 15. Ne2 Qb6 16. Nxd4 Qxa6 17. Nb3 Re2 18. g5 Ng4 ({Better is} 18... Rbe8 $19 19. Bd2 (19. gxf6 $2 Qxf6 20. Qd3 c4 $19) 19... Ng4) 19. h3 Nh2 20. Rf2 Rbe8 21. Bd2 $1 Qc4 $2 (21... Rxf2 $15 {keeps the upper hand.} 22. Kxf2 Bd6) 22. Rxh2 Rxh2 23. Kxh2 Re2+ 24. Kg3 Bd6 25. Qf1 Qe4 26. Qf3 Qe7 (26... c4 $142) 27. Qxd5 (27. f6 $18 Qe6 28. Rd1) 27... Qxg5+ $1 1/2-1/2